 Dungeon Crawl Stone Soup version 0.27-a0-695-gb4952372f7 (webtiles) character file.

Game seed: 6253518917204888289

32 Anon1729 the Sneak (level 3, 0/22 HPs)
             Began as a Kobold Brigand on Mar 21, 2021.
             Slain by an adder (5 damage)
             ... on level 2 of the Dungeon.
             The game lasted 00:01:26 (1900 turns).

Anon1729 the Sneak (Kobold Brigand)                 Turns: 1900, Time: 00:01:27

Health: 0/22       AC:  3    Str:  8    XL:     3   Next: 42%
Magic:  3/3        EV: 14    Int: 12    God:
Gold:   28         SH:  0    Dex: 17    Spells: 2/2 levels left

rFire    . . .     SeeInvis .   a - +2 dagger
rCold    . . .     Faith    .   (shield restricted)
rNeg     . . .     Spirit   .   b - +0 robe
rPois    .         Reflect  .   (no helmet)
rElec    .         Harm     .   c - +0 cloak
rCorr    .         Rampage  .   (no gloves)
Will     .....                  (no boots)
Stlth    ++++......             (no amulet)
HPRegen  0.07/turn              (no ring)
MPRegen  0.08/turn              (no ring)

@: no status effects
A: small, no large weapons, nightstalker 3
a: no special abilities


You were on level 2 of the Dungeon.
You visited 1 branch of the dungeon, and saw 2 of its levels.

You collected 28 gold pieces.

Inventory:

Hand Weapons
 a - a +2 dagger (weapon)
Missiles
 d - 5 poisoned darts (quivered)
Armour
 b - a +0 robe (worn)
 c - a +0 cloak (worn)
Jewellery
 h - a ring of poison resistance
Scrolls
 g - 2 scrolls of random uselessness {unknown}
 i - a scroll of fear {unknown}
Potions
 f - a potion of heal wounds {unknown}


   Skills:
 + Level 2.6 Fighting
 + Level 3.0 Short Blades
 + Level 2.5 Throwing
 + Level 1.8 Dodging
 * Level 5.8 Stealth
 + Level 0.6 Evocations


You had 2 spell levels left.
You didn't know any spells.
Your spell library contained the following spells:

 Spells                   Type           Power      Damage    Failure   Level
 Animate Skeleton         Necr           0%         N/A       32%         1
 Apportation              Tloc           0%         N/A       32%         1
 Corona                   Hex            0%         N/A       32%         1
 Summon Small Mammal      Summ           0%         N/A       32%         1


Dungeon Overview and Level Annotations

Branches:
Dungeon (2/15)

Altars:


Innate Abilities, Weirdness & Mutations

You are small and have problems with some larger weapons.
You are completely attuned to the shadows.


Message History

The curare-tipped dart barely misses the adder.
The curare-tipped dart barely misses the hobgoblin.
The curare-tipped dart hits the rat.
The rat is poisoned.
The rat convulses.
You kill the rat!
The adder closely misses you. The adder misses you.
Throw: dart (curare)
Press: ? - help, Q - select action, (/) - cycle Shift-Dir - straight line, f/p - adder
Aim: an adder (44% to hit)
You throw a curare-tipped dart.
The curare-tipped dart barely misses the adder.
The curare-tipped dart hits the hobgoblin.
The hobgoblin is poisoned.
The hobgoblin convulses.
The hobgoblin seems to slow down.
The hobgoblin is heavily wounded.
The adder bites you.
* * * LOW HITPOINT WARNING * * *
Throw: 8 darts (poison)
Press: ? - help, Q - select action Shift-Dir - straight line, f/p - adder
Aim: an adder (44% to hit)
You throw a poisoned dart. The poisoned dart hits the adder.
The adder is poisoned.
The adder bites you but does no damage.
Throw: 7 darts (poison)
Press: ? - help, Q - select action Shift-Dir - straight line, f/p - adder
Aim: an adder (poisoned, 44% to hit)
You throw a poisoned dart. The poisoned dart hits the adder.
The adder looks even sicker.
You kill the hobgoblin!
The adder barely misses you.
Throw: 6 darts (poison)
Press: ? - help, Q - select action Shift-Dir - straight line, f/p - adder
Aim: an adder (lightly wounded, very poisoned, 44% to hit)
You throw a poisoned dart.
The poisoned dart completely misses the adder.
The poisoned dart hits the frilled lizard!
The frilled lizard is poisoned.
The adder bites you.
You die...

..##.#.....
.....)..##
.....#...#
..#....#.##
###.####..####.#
#. ##.##...# #.
#..#...#
##.#...#..#
#....@#..#
#####.##S#$.#
........l#..#
####.....#..###
#####.....#g....
#.........#.####
+........†.l....
#...........####
#.....##+#..#


You could see an adder (very poisoned) and a frilled lizard (very poisoned).

Vanquished Creatures
  A gnoll (D:1)
  A leopard gecko (D:1)
  4 goblins (D:1)
  3 hobgoblins
  2 jackals (D:1)
  A ball python (D:1)
  A bat (D:1)
  5 kobolds
  3 rats
21 creatures vanquished.

Notes
Turn   | Place    | Note
-------+----------+-------------------------------------------
     0 | D:1      | Anon1729 the Kobold Brigand began the quest for the Orb.
     0 | D:1      | Reached XP level 1. HP: 12/12 MP: 1/1
   252 | D:1      | Reached XP level 2. HP: 17/17 MP: 2/2
  1187 | D:1      | Reached XP level 3. HP: 22/22 MP: 3/3
  1900 | D:2      | Slain by an adder

Illustrated notes

Levels and vault maps discovered:
D:1:      amcnicky_arrival_double_pillar, layout_basic
D:2:      layout_basic, minmay_misc_feat_nine_boxes

Skill      XL: |  1  2 |
---------------+-------+-----
Short Blades   | 3 |  3.0
Fighting       | |  2.6
Throwing       | |  2.5
Dodging        | |  1.8
Stealth        | |  5.8
Evocations     | |  0.6

Action                   || total
-------------------------++-------
Melee: Dagger            ||    52
Throw: Dart              ||    11
 Stab: Sleeping          ||     8
Armor: Robe              ||    10
Dodge: Dodged            ||    34

Table legend: (Time is in decaauts)
 A = Elapsed time spent in this place.
 B = Non-inter-level travel time spent in this place.
 C = Inter-level travel time spent in this place.
 D = Time resting spent in this place.
 E = Time spent auto-exploring this place.
 F = Levels seen in this place.
 G = Mean time per level.
                   A        B        C        D        E       F      G
               +--------+--------+--------+--------+--------+-----+--------+
         Total |   1891 |   1880 |     11 |    407 |   1319 |   2 |  945.5 |
       Dungeon |   1891 |   1880 |     11 |    407 |   1319 |   2 |  945.5 |
               +--------+--------+--------+--------+--------+-----+--------+

Top non-repeatable levels by time:
     D:1: 1583 daAuts
     D:2: 308 daAuts
